 Dungeon Crawl Stone Soup version 0.28-a0-919-g0b5b508569 (webtiles) character file.

Game seed: 12268611569965078997

192532 porpoise the Eclecticist (level 17, -3/96 HPs)
             Began as a Deep Elf Conjurer on Nov 25, 2021.
             Was the Champion of Vehumet.
             Slain by a catoblepas (14 damage)
             ... led by Polyphemus
             ... while petrified by a catoblepas
             ... on level 2 of the Shoals on Nov 26, 2021.
             The game lasted 04:21:15 (50062 turns).

porpoise the Eclecticist (Deep Elf Conjurer)       Turns: 50062, Time: 04:21:17

Health: -3/96      AC: 13    Str:  6    XL:     17   Next: 61%
Magic:  33/39      EV:  2    Int: 27    God:    Vehumet [******]
Gold:   3205       SH:  0    Dex: 13    Spells: 7/48 levels left

rFire   . . .      SeeInvis .   a - staff of conjuration
rCold   . . .      Faith    .   y - +0 buckler
rNeg    + + +      Spirit   .   I - +2 robe {Will+}
rPois   ∞          Reflect  .   u - +2 helmet
rElec   .          Harm     .   Z - +0 cloak
rCorr   .          Rampage  .   Q - +2 pair of gloves
Will    ++...                   t - +1 pair of boots
Stlth   +++++.....              v - amulet of magic regeneration
HPRegen 0.26/turn               H - ring of flight
MPRegen 0.66/turn               M - +4 ring of evasion

@: petrified, flying, very slightly contaminated
A: weak 1
}: 1/15 runes: serpentine
a: Renounce Religion


You were on level 2 of the Shoals.
You worshipped Vehumet.
Vehumet was exalted by your worship.
You visited 6 branches of the dungeon, and saw 30 of its levels.
You also visited: Bailey and Ice Cave.

You collected 4811 gold pieces.
You spent 1606 gold pieces at shops.

Inventory:

Missiles
 n - 7 curare-tipped darts (quivered)
 S - a boomerang of dispersal
Armour
 t - a +1 pair of boots (worn)
 u - a +2 helmet (worn)
 y - a +0 buckler (worn)
 I - a +2 robe of willpower (worn)
 Q - a +2 pair of gloves (worn)
 Z - a +0 cloak (worn)
Magical Staves
 a - a staff of conjuration (weapon)
 b - a staff of death
 w - a staff of fire
Jewellery
 c - a ring of protection from fire
 d - a ring of willpower
 r - a ring of poison resistance
 v - an amulet of magic regeneration (around neck)
 H - a ring of flight (left hand)
 M - a +4 ring of evasion (right hand)
 T - a ring of protection from cold
Wands
 s - a wand of acid (3)
 A - a wand of charming (12)
 L - a wand of iceblast (25)
 O - a wand of digging (8)
 P - a wand of mindburst (13)
 Y - a wand of paralysis (6)
Scrolls
 f - 4 scrolls of blinking
 h - 16 scrolls of teleportation
 k - 4 scrolls of fear
 m - a scroll of summoning
 B - a scroll of magic mapping
 C - 6 scrolls of vulnerability
 F - 7 scrolls of fog
 G - a scroll of silence
 K - 9 scrolls of identify
 W - a scroll of holy word
Potions
 e - 5 potions of heal wounds
 g - 17 potions of curing
 i - 2 potions of haste
 j - 7 potions of lignification
 l - 2 potions of resistance
 o - a potion of invisibility
 z - 2 potions of attraction
 J - a potion of ambrosia
 R - 4 potions of cancellation
Miscellaneous
 p - a tin of tremorstones (2/2)
 D - a condenser vane
 E - a box of beasts


   Skills:
 - Level 7.0 Fighting
 - Level 4.0 Staves
 - Level 12.0 Dodging
 - Level 12.0 Stealth
 - Level 4.0 Shields
 - Level 16.0 Spellcasting
 - Level 14.0 Conjurations
 - Level 14.0 Hexes
 * Level 8.5 Necromancy
 - Level 9.0 Translocations
 * Level 7.7 Transmutations
 - Level 12.0 Fire Magic
 - Level 9.0 Earth Magic
 + Level 8.9 Evocations


You had 7 spell levels left.
You knew the following spells:

 Your Spells              Type           Power      Damage    Failure   Level
a - Magic Dart            Conj           100%       1d8       0%          1
b - Searing Ray           Conj           100%       2d8       0%          2
c - Fulminant Prism       Conj/Hex       49%        3d21      1%          4
d - Iskenderun's Mystic   Conj/Tloc      90%        2d18      1%          4
e - Lehudib's Crystal Sp  Conj/Erth      45%        10d11     32%         8
f - Fireball              Conj/Fire      47%        3d19      1%          5
k - Blink                 Tloc           100%       N/A       1%          2
l - Lee's Rapid Deconstr  Erth           31%        3d17*     1%          5
r - Irradiate             Conj/Tmut      44%        3d28      1%          5
v - Borgnjor's Vile Clut  Necr/Erth      31%        N/A       1%          5

Your spell library contained the following spells:

 Spells                   Type           Power      Damage    Failure   Level
 Ignition                 Fire           36%        3d11      28%         8
 Chain Lightning          Conj/Air       36%        3d48      100%        9
 Polar Vortex             Ice            10%        N/A       100%        9
 Slow                     Hex            100%       N/A       0%          1
 Dazzling Flash           Conj/Hex       100%       N/A       0%          3
 Animate Skeleton         Necr           100%       N/A       1%          1
 Pain                     Necr           100%       1d9       1%          1
 Sting                    Tmut/Pois      100%       1d8       1%          1
 Corpse Rot               Necr/Air       88%        N/A       1%          2
 Poisonous Vapours        Pois/Air       42%        N/A       1%          2
 Confusing Touch          Hex            77%        N/A       1%          3
 Mephitic Cloud           Conj/Pois/Air  63%        N/A       1%          3
 Vampiric Draining        Necr           61%        2d10      1%          3
 Animate Dead             Necr           30%        N/A       1%          4
 Cause Fear               Hex            38%        N/A       1%          4
 Leda's Liquefaction      Hex/Erth       35%        N/A       1%          4
 Manifold Assault         Tloc           63%        N/A       1%          5
 Yara's Violent Unravell  Hex/Tmut       34%        3d14      1%          5
 Blade Hands              Tmut           29%        N/A       2%          5
 Call Imp                 Summ           21%        N/A       3%          2
 Olgreb's Toxic Radiance  Pois           21%        N/A       6%          4
 Ozocubu's Armour         Ice            21%        N/A       7%          3
 Swiftness                Air            21%        N/A       7%          3
 Death Channel            Necr           30%        N/A       11%         6
 Statue Form              Tmut/Erth      40%        N/A       12%         6
 Summon Lightning Spire   Summ/Air       21%        N/A       22%         4
 Dragon Form              Tmut           29%        N/A       63%         7
 Ozocubu's Refrigeration  Ice            10%        4d7       98%         7
 Storm Form               Tmut/Air       21%        N/A       99%         7
 Maxwell's Capacitive Co  Air            10%        ∞         100%        8
 Dragon's Call            Summ           10%        N/A       100%        9


Dungeon Overview and Level Annotations

Branches:
Dungeon (15/15)            Temple (1/1) D:4            Lair (6/6) D:8
 Shoals (2/4) Lair:2        Snake (4/4) Lair:2        Slime (0/5) Lair:5
    Orc (2/2) D:12            Elf (0/3) Orc:2        Vaults (0/5) D:14
 Depths (0/4) D:15         Bailey (visited)           IceCv (visited)

Altars:
Ashenzari
Cheibriados
Dithmenos
Elyvilon
Gozag
Hepliaklqana
Qazlal
Ru
Sif Muna
Trog
Uskayaw
Vehumet
Wu Jian
Yredelemnul
Zin
The Shining One
Beogh

Shops:
D:6 [   Orc:2 [:=[   Snake:2 ?

Annotations:
Shoals:1 1 runed translucent door, Twinkles's ghost, adept KoBr
Shoals:2 Polyphemus
Snake:2 3 runed translucent doors, Pairof's ghost, adept MiFi; lunkers's ghost, adept KoDe


Innate Abilities, Weirdness & Mutations

You are weak. (Str -2)


Message History

The sea snake is blasted with magical radiation!!!
The sea snake is almost dead.
The sea snake twists and deforms.
You are very lightly contaminated with residual magic.
The death yak gores you but does no damage.
Polyphemus throws the death yak at you!
The death yak is engulfed in calcifying dust.
The death yak is moving more slowly.
The merfolk siren chants a haunting song.
You easily resist.
The sea snake is engulfed in calcifying dust.
The sea snake stops moving altogether!
The sea snake is engulfed in calcifying dust.
The death yak gores you!
The sea snake is engulfed in calcifying dust.
You have turned to stone.
The merfolk siren chants a haunting song.
You resist with almost no effort.
The death yak gores you but does no damage.
The death yak gores you.
Polyphemus throws the catoblepas at you!
The catoblepas breathes a plume of calcifying dust at you.
The blast of calcifying dust hits you but does no damage.
You are engulfed in calcifying dust.
The merfolk siren chants a haunting song.
You easily resist.
The death yak gores you but does no damage.
The death yak gores you!
* * * LOW HITPOINT WARNING * * *
The death yak gores you.
* * * LOW HITPOINT WARNING * * *
The catoblepas gores you!
* * * LOW HITPOINT WARNING * * *
You are engulfed in calcifying dust.
The death yak gores you.
* * * LOW HITPOINT WARNING * * *
The death yak gores you!
* * * LOW HITPOINT WARNING * * *
The death yak gores you but does no damage.
The catoblepas gores you!!
You die...

≈≈≈≈≈≈≈..##.......≈.
≈≈≈≈≈≈≈.>...........
≈≈≈≈≈≈.......≈.≈..#
≈≈≈≈≈≈......≈≈≈≈}.#
≈≈≈≈≈.......≈≈≈≈..##
≈≈≈≈≈≈≈.....≈≈≈....##.
≈≈≈≈≈≈.###...≈≈......#
≈≈≈≈≈≈< ##YYS.!.###
≈≈≈.... #.Y@YCm..#
≈≈≈≈......###..≈.....
≈≈≈...... #..≈......
...... ..≈.......
.>.≈≈≈ ..≈≈.......
##.≈≈ ≈.≈≈≈...... ...
≈≈≈≈≈≈≈.$...


You could see Polyphemus, 3 death yaks, a catoblepas, a sea snake (petrified,
misshapen) and a merfolk siren.

Vanquished Creatures
  Asterion (Snake:1)
  Kirke (Lair:2)
  5 nagarajas
  Louise (D:15)
  2 orc warlords
  A stone giant (D:15)
  Azrael (Lair:2)
  Josephine (Shoals:1)
  A merfolk impaler (Shoals:1)
  A fire dragon (D:14)
  3 salamander tyrants
  A yaktaur captain (D:14)
  Harold (D:7)
  11 hydras
  3 boulder beetles
  9 naga warriors
  8 centaur warriors
  A catoblepas (Lair:6)
  15 anacondas
  A death knight (D:15)
  5 tengu warriors
  6 death yaks
  2 two-headed ogres
  7 naga sharpshooters
  7 shock serpents
  The ghost of dracfodder the Cleaver, a novice GrBe of Trog (D:10)
  A goliath frog (Lair:6)
  8 salamander mystics
  4 sea snakes
  7 naga ritualists
  The ghost of ders the Summoner, a novice FeSu of Elyvilon (Lair:2)
  8 orc knights
  An orc sorcerer (Orc:2)
  4 deep elf pyromancers
  2 fauns (Shoals:2)
  9 mana vipers
  3 oklob plants (Lair:5)
  14 ugly things
  A wolf spider (D:12)
  5 cyclopes
  14 elephants
  22 salamanders
  7 guardian serpents
  2 merfolk sirens
  14 naga magi
  A water nymph (Shoals:1)
  6 manticores
  42 black mambas
  3 ice statues (IceCv)
  Maggie (D:6)
  A gargoyle (D:13)
  16 cane toads
  2 rime drakes
  8 komodo dragons
  An efreet (D:15)
  4 unseen horrors
  A freezing wraith (D:15)
  A torpor snail (Lair:6)
  2 yaktaurs (D:14)
  A wolf spider simulacrum (D:14)
  3 meliai (D:14)
  2 polar bears
  9 trolls
  2 merfolk
  4 tyrant leeches (Lair:6)
  2 hornets
  A snapping turtle (Shoals:1)
  17 blink frogs
  5 dream sheep
  12 slime creatures
  A shadow (D:12)
  A vampire (D:11)
  Sigmund (D:2)
  A spriggan (shapeshifter) (D:15)
  A dire elephant simulacrum (IceCv)
  10 basilisks
  11 wraiths
  2 fire elementals (Snake:1)
  4 hogs
  43 yaks
  3 wyverns
  2 steam dragons
  7 vampire mosquitoes
  47 nagas
  5 wargs (Orc:2)
  A harpy simulacrum (IceCv)
  An acid dragon (D:11)
  9 water moccasins
  4 hell hounds
  56 orc warriors
  A swamp drake (D:12)
  An ice beast (D:7)
  3 black bears
  A hornet zombie (D:7)
  4 sky beasts
  9 ogres
  31 wolves
  9 centaurs
  2 phantoms
  2 kobold brigands (D:6)
  2 gnoll sergeants
  19 bullfrogs
  4 scorpions
  A cane toad simulacrum (IceCv)
  A water moccasin zombie (D:6)
  8 killer bees
  4 elephant simulacra (IceCv)
  4 wights (D:10)
  4 howler monkeys
  7 electric eels
  2 bullfrog zombies
  3 centaur zombies
  6 hounds
  16 orc priests
  2 jellies (D:6)
  2 centaur skeletons
  3 iguanas
  A bullfrog skeleton (D:6)
  7 hell rats (Lair:6)
  24 orc wizards
  A polar bear simulacrum (IceCv)
  A wolf simulacrum (IceCv)
  2 killer bee zombies
  A hound zombie (D:5)
  19 gnolls
  7 adders
  A shadow imp (D:8)
  An adder skeleton (D:4)
  2 worms
  4 dart slugs
  132 orcs
  8 endoplasms
  2 giant cockroaches (D:1)
  10 goblins
  5 hobgoblins
  13 jackals (D:3)
  3 quokkas
  6 ball pythons
  3 bats
  25 kobolds
  7 rats
  A fulminant prism (Lair:5)
1017 creatures vanquished.

Vanquished Creatures (collateral kills)
  An orc (Orc:2)
1 creature vanquished.

Vanquished Creatures (others)
  A water moccasin (Lair:3)
  2 orc warriors (Orc:2)
  6 bushes (Lair:6)
  285 fulminant prisms
  45 fungi
  126 plants
  7 withered plants
472 creatures vanquished.

Grand Total: 1490 creatures vanquished

Notes
Turn   | Place    | Note
-------+----------+-------------------------------------------
     0 | D:1      | porpoise the Deep Elf Conjurer began the quest for the Orb.
     0 | D:1      | Reached XP level 1. HP: 10/10 MP: 6/6
   280 | D:1      | Reached XP level 2. HP: 15/15 MP: 5/8
   590 | D:1      | Reached skill level 4 in Spellcasting
  1026 | D:1      | Found a faded altar of an unknown god.
  1056 | D:1      | Reached skill level 5 in Conjurations
  1056 | D:1      | Reached XP level 3. HP: 19/19 MP: 7/10
  1059 | D:1      | Learned a level 2 spell: Searing Ray
  1356 | D:2      | You fall into a shaft and drop 2 floors!
  1363 | D:4      | Noticed a phantom
  1398 | D:4      | Found a staircase to the Ecumenical Temple.
  1474 | Temple   | Entered the Ecumenical Temple
  1500 | Temple   | Became a worshipper of Vehumet
  1553 | D:4      | Reached XP level 4. HP: 20/24 MP: 6/12
  2264 | D:2      | Noticed Sigmund
  2270 | D:2      | Killed Sigmund
  2271 | D:2      | Reached skill level 6 in Spellcasting
  2271 | D:2      | Reached XP level 5. HP: 22/28 MP: 4/15
  2277 | D:2      | Learned a level 4 spell: Iskenderun's Mystic Blast
  2282 | D:2      | Learned a level 4 spell: Fulminant Prism
  2376 | D:2      | Reached XP level 6. HP: 32/32 MP: 11/17
  2966 | D:3      | Reached skill level 1 in Hexes
  3282 | D:3      | Reached * piety under Vehumet
  3282 | D:3      | Offered knowledge of Freeze by Vehumet.
  3944 | D:3      | Reached skill level 7 in Spellcasting
  4237 | D:3      | Reached skill level 1 in Translocations
  4378 | D:3      | Reached XP level 7. HP: 36/36 MP: 10/19
  5345 | D:3      | Offered knowledge of Static Discharge by Vehumet.
  5681 | D:4      | Reached skill level 5 in Hexes
  6381 | D:5      | Entered Level 5 of the Dungeon
  6421 | D:5      | Reached XP level 8. HP: 41/41 MP: 15/20
  6652 | D:5      | Reached skill level 5 in Stealth
  6697 | D:5      | Reached ** piety under Vehumet
  7072 | D:5      | Reached skill level 5 in Translocations
  7438 | D:6      | Reached skill level 8 in Spellcasting
  7549 | D:6      | Reached XP level 9. HP: 45/45 MP: 14/23
  7559 | D:6      | Reached skill level 9 in Spellcasting
  7769 | D:6      | Found Xatupis's Armour Shoppe.
  7847 | D:6      | Noticed Maggie
  7853 | D:6      | Killed Maggie
  7854 | D:6      | Reached skill level 1 in Fighting
  8486 | D:7      | Noticed Harold
  8498 | D:7      | Reached skill level 10 in Spellcasting
  8500 | D:7      | Killed Harold
  9038 | D:7      | Reached skill level 11 in Spellcasting
  9639 | D:8      | Reached XP level 10. HP: 46/56 MP: 27/27
  9741 | D:8      | Offered knowledge of Conjure Flame by Vehumet.
 10088 | D:8      | Found a staircase to the Lair.
 10104 | D:8      | Reached *** piety under Vehumet
 10317 | D:8      | Found a shadowy altar of Dithmenos.
 10467 | D:8      | Reached skill level 5 in Fighting
 10467 | D:8      | Reached skill level 12 in Spellcasting
 10681 | D:8      | Reached skill level 1 in Shields
 11165 | D:9      | Noticed a boulder beetle
 11203 | D:9      | Killed a boulder beetle
 11389 | D:9      | Found a sacrificial altar of Ru.
 11552 | D:9      | Found a shimmering blue altar of Sif Muna.
 11552 | D:9      | Found an ornate altar of the Wu Jian Council.
 11628 | D:9      | Found a broken altar of Ashenzari.
 11726 | D:9      | Found an opulent altar of Gozag.
 11761 | D:10     | Entered Level 10 of the Dungeon
 11761 | D:10     | Found a runed translucent door.
 11762 | D:10     | Noticed dracfodder's ghost (novice GrBe)
 12119 | D:10     | Offered knowledge of Hailstorm by Vehumet.
 12336 | D:10     | Noticed a two-headed ogre
 12342 | D:10     | Killed a two-headed ogre
 12343 | D:10     | Reached XP level 11. HP: 63/63 MP: 21/29
 12794 | Lair:1   | Entered Level 1 of the Lair of Beasts
 13167 | Lair:1   | Reached skill level 5 in Dodging
 13169 | Lair:1   | Reached **** piety under Vehumet
 13172 | Lair:1   | Offered knowledge of Freezing Cloud by Vehumet.
 14109 | Lair:2   | Reached skill level 1 in Evocations
 14321 | Lair:2   | Found a staircase to the Shoals.
 14607 | Lair:2   | Reached skill level 5 in Evocations
 14834 | Lair:2   | Reached XP level 12. HP: 68/68 MP: 17/30
 15290 | Lair:2   | Reached ***** piety under Vehumet
 15309 | Lair:2   | Offered knowledge of Lee's Rapid Deconstruction by Vehumet.
 15316 | Lair:2   | Learned a level 5 spell: Lee's Rapid Deconstruction
 15342 | Lair:2   | Found a staircase to the Snake Pit.
 15370 | Lair:2   | Found a runed translucent door.
 15371 | Lair:2   | Noticed ders's ghost (novice FeSu)
 15412 | Lair:2   | Killed ders's ghost
 15756 | Lair:2   | Reached skill level 1 in Earth Magic
 15867 | Lair:2   | Reached skill level 13 in Spellcasting
 15998 | Lair:2   | Identified the +3 robe of Submission {rF+}
 16854 | Lair:3   | Noticed a four-headed hydra
 17007 | Lair:3   | Noticed a four-headed hydra
 17010 | Lair:3   | Reached skill level 14 in Spellcasting
 17010 | Lair:3   | Reached skill level 5 in Earth Magic
 17016 | Lair:3   | Killed a four-headed hydra
 17184 | Lair:3   | Killed a four-headed hydra
 18335 | Lair:4   | Noticed a five-headed hydra
 18342 | Lair:4   | Killed a five-headed hydra
 18346 | Lair:4   | Reached XP level 13. HP: 35/72 MP: 13/33
 18993 | Lair:4   | Reached skill level 10 in Hexes
 19253 | Lair:5   | Learned a level 5 spell: Irradiate
 20745 | Lair:5   | Found a staircase to the Slime Pits.
 22604 | D:12     | Reached skill level 1 in Transmutations
 23005 | D:12     | Learned a level 2 spell: Blink
 23022 | D:12     | Found a flagged portal.
 23091 | Bailey   | Entered a bailey
 23134 | Bailey   | Offered knowledge of Fireball by Vehumet.
 23143 | Bailey   | Learned a level 5 spell: Fireball
 23491 | Bailey   | Reached skill level 1 in Fire Magic
 23539 | Bailey   | Identified the +4 chain mail of Okawaru's Condemnation
                  | {Str-3 Slay+4}
 23588 | Bailey   | Found an iron altar of Okawaru.
 24030 | D:12     | Found a staircase to the Orcish Mines.
 24304 | D:12     | Identified the +5 mace of Wisdom {flame, rF++ Int+3}
 24394 | D:12     | Reached skill level 5 in Transmutations
 24477 | D:12     | Identified the +5 battleaxe of the Purse {drain, rElec
                  | Will+ Str+4 Dex+7}
 24519 | D:12     | Reached skill level 10 in Conjurations
 24519 | D:12     | Reached XP level 14. HP: 45/82 MP: 14/34
 24739 | D:12     | Reached skill level 5 in Fire Magic
 26202 | D:13     | Offered knowledge of Iskenderun's Battlesphere by Vehumet.
 27315 | D:14     | Found a gate to the Vaults.
 27793 | D:15     | Entered Level 15 of the Dungeon
 27949 | D:15     | Noticed Louise
 28042 | Orc:1    | Entered Level 1 of the Orcish Mines
 28198 | Orc:1    | Found a frozen archway.
 28211 | IceCv    | Entered an ice cave
 28499 | IceCv    | Offered knowledge of Starburst by Vehumet.
 28656 | IceCv    | Reached skill level 1 in Staves
 29256 | Orc:2    | Entered Level 2 of the Orcish Mines
 29277 | Orc:2    | Noticed an orc warlord
 29285 | Orc:2    | Killed an orc warlord
 29378 | Orc:2    | Reached skill level 10 in Fire Magic
 30462 | Orc:2    | Offered knowledge of Iron Shot by Vehumet.
 30808 | Orc:2    | Found a staircase to the Elven Halls.
 30850 | Orc:1    | Paralysed by an orc sorcerer for 7 turns
 30854 | Orc:1    | Noticed an orc warlord
 31344 | Orc:1    | Killed an orc warlord
 31690 | Orc:2    | Reached XP level 15. HP: 86/86 MP: 32/35
 32127 | Orc:2    | Found Sumam's Book Boutique.
 32127 | Orc:2    | Found Zexzidwo's Armour Shoppe.
 32518 | Orc:2    | Found Atel's Armour Boutique.
 32518 | Orc:2    | Found Qusmur's Jewellery Shoppe.
 32557 | Orc:2    | Bought a +2 robe of positive energy for 249 gold pieces
 32735 | D:15     | Killed Louise
 33512 | D:15     | Found a glowing golden altar of the Shining One.
 33557 | D:15     | Offered knowledge of Lightning Bolt by Vehumet.
 33965 | D:15     | Found a staircase to the Depths.
 34221 | D:15     | Found a white marble altar of Elyvilon.
 34221 | D:15     | Found a glowing silver altar of Zin.
 34221 | D:15     | Found a glowing golden altar of the Shining One.
 34727 | Lair:1   | Upgraded the game from 0.28-a0-909-g796cbd3a86 to
                  | 0.28-a0-919-g0b5b508569
 34820 | Lair:6   | Entered Level 6 of the Lair of Beasts
 36484 | Lair:6   | Offered knowledge of Lehudib's Crystal Spear by Vehumet.
 37149 | Lair:6   | Got the Catalogue of Weightlessness
 37645 | Lair:6   | Learned a level 8 spell: Lehudib's Crystal Spear
 37768 | Snake:1  | Entered Level 1 of the Snake Pit
 37870 | Snake:1  | Noticed Azrael
 37873 | Snake:1  | Reached skill level 15 in Spellcasting
 37875 | Snake:1  | Noticed Asterion
 37883 | Lair:2   | Gained mutation: You are weak. (Str -2) [mutagenic glow]
 38103 | Snake:1  | Noticed Kirke
 38109 | Lair:2   | Killed Azrael
 38110 | Lair:2   | Reached skill level 10 in Stealth
 38138 | Lair:2   | Killed Kirke
 38139 | Lair:2   | Reached XP level 16. HP: 35/89 MP: 26/37
 38394 | Snake:1  | Killed Asterion
 39376 | Snake:1  | Reached skill level 10 in Dodging
 39994 | Snake:1  | Reached skill level 16 in Spellcasting
 40455 | Snake:2  | Found Asun's Magic Scroll Emporium.
 40466 | Snake:2  | Bought a scroll of acquirement for 1092 gold pieces
 40466 | Snake:2  | Bought a scroll of fear for 73 gold pieces
 41394 | Snake:1  | Acquired a staff of conjuration
 41404 | Snake:1  | Learned a level 5 spell: Borgnjor's Vile Clutch
 41438 | Snake:2  | Found a runed translucent gate.
 41438 | Snake:2  | Found a runed translucent gate.
 41438 | Snake:2  | Found a runed translucent gate.
 41440 | Snake:2  | Noticed Pairof's ghost (adept MiFi)
 41442 | Snake:2  | Noticed lunkers's ghost (adept KoDe)
 41442 | Snake:2  | Found the +6 Majin-Bo {vamp, MP+6 Int+6}
 41468 | Snake:2  | Identified the -1 pair of boots of the Saviour {rF- Str+7
                  | SInv}
 42969 | Snake:3  | Found a stormy altar of Qazlal.
 43592 | Snake:4  | Entered Level 4 of the Snake Pit
 44333 | Snake:4  | Reached ****** piety under Vehumet
 44376 | Snake:4  | Reached skill level 1 in Necromancy
 44598 | Snake:4  | Reached XP level 17. HP: 96/96 MP: 27/39
 45360 | Snake:4  | Offered knowledge of Chain Lightning by Vehumet.
 45360 | Snake:4  | Offered knowledge of Polar Vortex by Vehumet.
 45360 | Snake:4  | Offered knowledge of Ignition by Vehumet.
 45369 | Snake:4  | Reached skill level 5 in Necromancy
 47006 | Snake:4  | Got a serpentine rune of Zot
 47227 | D:10     | Killed dracfodder's ghost
 47358 | Shoals:1 | Entered Level 1 of the Shoals
 47360 | Shoals:1 | Found a runed translucent door.
 47417 | Shoals:1 | Noticed Josephine
 47419 | Shoals:1 | Killed Josephine
 47600 | Shoals:1 | Noticed Twinkles's ghost (adept KoBr)
 47873 | Orc:2    | Bought a ring of flight for 192 gold pieces
 50050 | Shoals:2 | Noticed Polyphemus
 50062 | Shoals:2 | Slain by a catoblepas

Illustrated notes

Levels and vault maps discovered:
D:1:      mrwooster_arrival_statue_2, layout_rooms,
          shapermc_ecumenical_altar_pompeii, serial_forest,
          infiniplex_forest_lined_room_3, infiniplex_forest_clump_large,
          infiniplex_forest_lined_1, infiniplex_forest_clump_curved,
          infiniplex_forest_straight_1, infiniplex_forest_end_2,
          infiniplex_forest_lined_ring, infiniplex_forest_pool,
          infiniplex_forest_clump_C
D:2:      layout_basic, wad_floor_pattern_2, uniq_sigmund
D:3:      lemuel_castle_with_subvaults [lemuel_castle_interior_original],
          layout_basic
D:4:      layout_loops_ring, minmay_temple_entry_proselytizer
D:5:      layout_basic, nrook_loot_triangle
D:6:      layout_cave_pools, serial_shops, nicolae_shop_waterfront, uniq_maggie
D:7:      layout_loops_ring, uniq_harold
D:8:      layout_loops_corners, mainiacjoe_overflow_surrounded_room,
          erik_lair_island, minivault_26, minivault_10
D:9:      layout_rooms, grunt_gozag_breadcrumbs, mainiacjoe_overflow_alcove_1,
          nicolae_ru_sacrificial_ziggurat, gammafunk_temple_overflow_statue
D:10:     lemuel_flame_loot_2, layout_basic, ebering_ghost_reflecting_pool
D:11:     layout_small_grid
D:12:     four-leaf_vault, layout_cross, erik_orc_1, enter_bailey_8,
          grunt_ministairs_13
D:13:     layout_small_grid, serial_co_window_serial, co_window_paths_a,
          co_window_corner_a, co_window_paths_b, co_window_of_opportunity_a,
          co_window_of_opportunity_a, co_window_corner_b,
          co_window_of_opportunity_b, co_window_corner_b, glass_columns_a,
          glass_columns_c, glass_columns_c
D:14:     layout_rooms, david_vaults_2, minmay_misc_feat_five
D:15:     grunt_enter_depths_snipers, layout_irregular_city,
          good_gods_mini_temple, tso_oasis_becter, uniq_louise
Temple:   nicolae_temple_elliptical
Lair:1:   layout_regular_city, serial_bayou_shore_b, grunt_megastairs_1
Lair:2:   layout_gridlike, elwin_shoals_entry_rocks,
          minmay_snake_entry_guardpost_large, hellmonk_ghost_happy_afterlife
Lair:3:   layout_long_grid, lemuel_old_faithful
Lair:4:   layout_cave_shapes, gauntlet_entry_generic, serial_bayou_shore_b,
          serial_bayou_shore_b
Lair:5:   layout_cave_pods, minmay_slime_entry_oklob_enclosed, disabler_island,
          lemuel_fruit_fields
Lair:6:   minmay_lair_end_frog_pond, layout_misc_corridors
Shoals:1: layout_shoals, gammafunk_ghost_grave, uniq_josephine
Shoals:2: layout_shoals, uniq_polyphemus
Snake:1:  layout_layer_cave, grunt_megastairs_2, uniq_kirke, uniq_azrael,
          uniq_asterion
Snake:2:  layout_rooms, serial_shops, nicolae_stop_n_shop_2,
          gammafunk_ghost_cemetery
Snake:3:  layout_cave_town, basic_altar, grunt_megastairs_3, lemuel_fruit_tree
Snake:4:  grunt_snake_rune_pools, layout_cave_town, grunt_ministairs_2
Orc:1:    layout_caves, portal_ice_cave_entry_pillars_1, abandoned_shop
Orc:2:    st_orc_town, layout_diamond_mine

Skill      XL: |  1  2  3  4  5  6  7  8  9 10 11 12 13 14 15 16 17 |
---------------+----------------------------------------------------+-----
Spellcasting   | 4 6 7 8 11 12 14 15 16 | 16.0
Conjurations   | 5 6 7 9 10 12 13 14 | 14.0
Hexes          | 3 5 7 9 12 14 | 14.0
Stealth        | 3 4 6 8 9 10 12 | 12.0
Translocations | 1 4 5 7 9 |  9.0
Fighting       | 4 5 7 |  7.0
Shields        | 3 4 |  4.0
Dodging        | 4 7 9 11 12 | 12.0
Evocations     | 5 7 8 |  8.9
Earth Magic    | 7 9 |  9.0
Transmutations | 5 7 |  7.7
Fire Magic     | 4 10 12 | 12.0
Staves         | 3 4 |  4.0
Necromancy     | 2 8 |  8.5

Action                   |  1- 3 |  4- 6 |  7- 9 | 10-12 | 13-15 | 16-18 || total
-------------------------+-------+-------+-------+-------+-------+-------++-------
Melee: Staff             |       |       |       |       |     7 |       ||     7
       Hunting sling     |       |       |       |       |     2 |       ||     2
 Fire: Hunting sling     |       |    36 |    44 |   133 |   190 |       ||   403
Throw: Dart              |       |       |       |       |     2 |       ||     2
 Cast: Magic Dart        |    44 |    33 |       |     1 |    17 |       ||    95
       Searing Ray       |     3 |    42 |    64 |    92 |   151 |    29 ||   381
       Fulminant Prism   |       |     1 |    14 |    84 |   135 |    53 ||   287
       Iskenderun's Myst |       |       |    13 |    79 |   164 |    59 ||   315
       Fireball          |       |       |       |       |   186 |   242 ||   428
       Irradiate         |       |       |       |       |    24 |    13 ||    37
       Lee's Rapid Decon |       |       |       |       |    22 |    35 ||    57
       Blink             |       |       |       |       |     1 |       ||     1
       Borgnjor's Vile C |       |       |       |       |       |     3 ||     3
Evoke: Wand              |       |       |     2 |     2 |    17 |     2 ||    23
       Tin of tremorston |       |       |       |       |     2 |       ||     2
       Condenser vane    |       |       |       |       |     1 |       ||     1
  Use: Scroll            |       |       |    18 |     9 |     2 |     5 ||    34
       Potion            |       |       |       |     1 |     2 |       ||     3
Armor: Robe              |     1 |     3 |    11 |    24 |    73 |    31 ||   143
       Steam dragon scal |       |       |       |    22 |       |       ||    22
       Skin              |       |       |       |       |     1 |       ||     1
Dodge: Dodged            |    10 |    13 |    33 |   115 |   278 |    95 ||   544
Block: Buckler           |       |       |       |    22 |    73 |    24 ||   119

Table legend: (Time is in decaauts)
 A = Elapsed time spent in this place.
 B = Non-inter-level travel time spent in this place.
 C = Inter-level travel time spent in this place.
 D = Time resting spent in this place.
 E = Time spent auto-exploring this place.
 F = Levels seen in this place.
 G = Mean time per level.
                   A        B        C        D        E       F      G
               +--------+--------+--------+--------+--------+-----+--------+
         Total |  50295 |  47094 |   3201 |  23287 |  15351 |  32 | 1571.7 |
       Dungeon |  21487 |  19915 |   1572 |   9203 |   7542 |  15 | 1432.5 |
        Temple |     48 |     26 |     22 |      0 |     14 |   1 |   48.0 |
          Lair |  12963 |  11937 |   1026 |   5895 |   4077 |   6 | 2160.5 |
        Shoals |   2049 |   1950 |     99 |    817 |    933 |   2 | 1024.5 |
     Snake Pit |   8589 |   8209 |    380 |   4523 |   1905 |   4 | 2147.2 |
  Orcish Mines |   3827 |   3726 |    101 |   1950 |    849 |   2 | 1913.5 |
        Bailey |    533 |    533 |      0 |    314 |     15 |   1 |  533.0 |
      Ice Cave |    795 |    795 |      0 |    583 |     16 |   1 |  795.0 |
               +--------+--------+--------+--------+--------+-----+--------+

Top non-repeatable levels by time:
  Lair:2: 3540 daAuts
  Lair:5: 3324 daAuts
 Snake:4: 3291 daAuts
   Orc:2: 2833 daAuts
     D:3: 2783 daAuts
 Snake:1: 2641 daAuts
    D:12: 2349 daAuts
  Lair:1: 2253 daAuts
     D:8: 1988 daAuts
    D:15: 1606 daAuts
  Lair:3: 1606 daAuts
    D:14: 1568 daAuts
 Snake:3: 1536 daAuts
  Lair:6: 1476 daAuts
Shoals:1: 1359 daAuts
